MLB
CHICAGO CUBS @ WASHINGTON NATIONALS
09/06/2018
 
TOP OF THE 1ST
Chicago Cubs batting - Pitching for Washington Nationals : RHP Corey Kluber
Pitching: RHP Corey Kluber
Batting: SHB Yoan Moncada 0-0: Fly out, F8 (Flyball, 8LXD)
Batting: RHB Paul DeJong 0-0: Ball
1-0: Foul Ball, location: 2F
1-1: Fly out, F7 (Flyball, 78M)
Batting: LHB Cody Bellinger 0-0: Ball
1-0: Called Strike
1-1: Ground out 5-3 (Groundball, 6S)
Top of the 1st over - 0 runs, 0 hits, 0 errors, 0 left on base; Chicago 0 - Washington 0
BOTTOM OF THE 1ST
Washington Nationals batting - Pitching for Chicago Cubs : RHP Andrew Cashner
Pitching: RHP Andrew Cashner
Batting: LHB Joe Panik 0-0: Fly out, F9 (Flyball, 9S)
Batting: SHB Aaron Hicks 0-0: Swinging Strike
0-1: Foul Ball, location: 2F
0-2: Ball
1-2: Ball
2-2: Ball
3-2: Base on Balls
Batting: LHB Andrew Benintendi 0-0: 2-RUN HOME RUN (Flyball, 9D), Distance : 372 ft
Batting: RHB Marcell Ozuna 0-0: Called Strike
0-1: Ball
1-1: Ground out 3-1 (Groundball, 3S)
Batting: RHB Yulieski Gurriel 0-0: Called Strike
0-1: Ball
1-1: Ball
2-1: Fly out, F7 (Flyball, 78S)
Bottom of the 1st over - 2 runs, 1 hit, 0 errors, 0 left on base; Chicago 0 - Washington 2
TOP OF THE 2ND
Chicago Cubs batting - Pitching for Washington Nationals : RHP Corey Kluber
Batting: RHB Justin Upton 0-0: Called Strike
0-1: Swinging Strike
0-2: Ball
1-2: Ball
2-2: Ball
3-2: DOUBLE (Groundball, 5L)
Batting: RHB Stephen Piscotty 0-0: Foul Ball, location: 2F
0-1: Ball
1-1: Ball
2-1: Foul Ball, location: 2F
2-2: Ground out 5-3 (Groundball, 56)
Batting: RHB Jedd Gyorko 0-0: Foul Ball, location: 2F
0-1: Ball
1-1: Ball
2-1: Fly out, F8 (Flyball, 8RS)
Batting: LHB Jason Castro 0-0: Swinging Strike
0-1: Ball
1-1: Called Strike
1-2: Strikes out swinging
Top of the 2nd over - 0 runs, 1 hit, 0 errors, 1 left on base; Chicago 0 - Washington 2
BOTTOM OF THE 2ND
Washington Nationals batting - Pitching for Chicago Cubs : RHP Andrew Cashner
Batting: LHB Yonder Alonso 0-0: Foul Ball, location: 2F
0-1: Fly out, F7 (Flyball, 7D)
Batting: RHB Chris Taylor 0-0: Swinging Strike
0-1: SINGLE (Flyball, 8RS)
Batting: RHB Corey Kluber 0-0: Ball
1-0: Sac Bunt to 15 - play at first, batter OUT! 1-4
Chris Taylor to second
Batting: SHB Tomas Telis 0-0: Called Strike
0-1: Foul Ball, location: 2F
0-2: Strikes out swinging
Bottom of the 2nd over - 0 runs, 1 hit, 0 errors, 1 left on base; Chicago 0 - Washington 2
TOP OF THE 3RD
Chicago Cubs batting - Pitching for Washington Nationals : RHP Corey Kluber
Batting: RHB Kyle Lewis 0-0: Ground out 1-3 (Groundball, 13)
Batting: RHB Andrew Cashner 0-0: Called Strike
0-1: Foul Ball, location: 2F
0-2: Foul Ball, location: 2F
0-2: Strikes out swinging
Batting: SHB Yoan Moncada 0-0: Ball
1-0: Ball
2-0: Fly out, F9 (Flyball, 89M)
Top of the 3rd over - 0 runs, 0 hits, 0 errors, 0 left on base; Chicago 0 - Washington 2
BOTTOM OF THE 3RD
Washington Nationals batting - Pitching for Chicago Cubs : RHP Andrew Cashner
Batting: LHB Joe Panik 0-0: Ball
1-0: Ball
2-0: Ground out 4-3 (Groundball, 4)
Batting: SHB Aaron Hicks 0-0: Called Strike
0-1: Foul Ball, location: 2F
0-2: Ball
1-2: Ball
2-2: SINGLE (Groundball, 4MD)
Batting: LHB Andrew Benintendi 0-0: Reached on error, E6 (Groundball, 4M)
Aaron Hicks to second
Batting: RHB Marcell Ozuna 0-0: Foul Ball, location: 2F
0-1: Foul Ball, location: 2F
0-2: Grounds into double play, 4-6-3 (Groundball, 4)
Bottom of the 3rd over - 0 runs, 1 hit, 1 error, 1 left on base; Chicago 0 - Washington 2
TOP OF THE 4TH
Chicago Cubs batting - Pitching for Washington Nationals : RHP Corey Kluber
Batting: RHB Paul DeJong 0-0: Ball
1-0: Bunted foul
1-1: Ball
2-1: Foul Ball, location: 2F
2-2: Foul Ball, location: 2F
2-2: Strikes out swinging
Batting: LHB Cody Bellinger 0-0: Called Strike
0-1: Ball
1-1: Foul Ball, location: 2F
1-2: Ball
2-2: Ball
3-2: Fly out, F8 (Line Drive, 8RM)
Batting: RHB Justin Upton 0-0: Ball
1-0: Foul Ball, location: 2F
1-1: SOLO HOME RUN (Line Drive, 89XD), Distance : 385 ft
Batting: RHB Stephen Piscotty 0-0: Ball
1-0: Foul Ball, location: 2F
1-1: Ball
2-1: Foul Ball, location: 2F
2-2: Fly out, F7 (Flyball, 7S)
Top of the 4th over - 1 run, 1 hit, 0 errors, 0 left on base; Chicago 1 - Washington 2
BOTTOM OF THE 4TH
Washington Nationals batting - Pitching for Chicago Cubs : RHP Andrew Cashner
Batting: RHB Yulieski Gurriel 0-0: Ground out 2-3 (Groundball, 13S)
Batting: LHB Yonder Alonso 0-0: Foul Ball, location: 2F
0-1: Called Strike
0-2: Foul Ball, location: 2F
0-2: Foul Ball, location: 2F
0-2: Ball
1-2: Ball
2-2: Strikes out swinging
Batting: RHB Chris Taylor 0-0: Ball
1-0: Called Strike
1-1: SINGLE (Line Drive, 78M)
Batting: RHB Corey Kluber 0-0: Fielders Choice at 2nd, 6-4 (Groundball, 56)
Bottom of the 4th over - 0 runs, 1 hit, 0 errors, 1 left on base; Chicago 1 - Washington 2
TOP OF THE 5TH
Chicago Cubs batting - Pitching for Washington Nationals : RHP Corey Kluber
Batting: RHB Jedd Gyorko 0-0: Called Strike
0-1: SINGLE (Line Drive, 56D)
Batting: LHB Jason Castro 0-0: Fly out, F7 (Flyball, 7)
Batting: RHB Kyle Lewis 0-0: Called Strike
0-1: Ball
1-1: Ball
2-1: Foul Ball, location: 2F
2-2: Grounds into double play, 6-4-3 (Groundball, 6)
Top of the 5th over - 0 runs, 1 hit, 0 errors, 0 left on base; Chicago 1 - Washington 2
BOTTOM OF THE 5TH
Washington Nationals batting - Pitching for Chicago Cubs : RHP Andrew Cashner
Batting: SHB Tomas Telis 0-0: Ball
1-0: Called Strike
1-1: SINGLE (Groundball, 6MD)
Batting: LHB Joe Panik 0-0: Sac Bunt to 23 - play at second, runner safe!
Batting: SHB Aaron Hicks 0-0: Foul Ball, location: 2F
0-1: Swinging Strike
0-2: Ball
1-2: Ball
2-2: Ball
3-2: Base on Balls
Tomas Telis to third
Joe Panik to second
Batting: LHB Andrew Benintendi 0-0: Ball
1-0: Ball
2-0: Called Strike
2-1: Ball
3-1: Base on Balls
Tomas Telis scores
Joe Panik to third
Aaron Hicks to second
Batting: RHB Marcell Ozuna 0-0: Called Strike
0-1: Ball
1-1: Foul Ball, location: 2F
1-2: Foul Ball, location: 2F
1-2: Ball
2-2: Strikes out swinging
Batting: RHB Yulieski Gurriel 0-0: Called Strike
0-1: Called Strike
0-2: Ball
1-2: Foul Ball, location: 2F
1-2: Ball
2-2: Fly out, F4 (Popup, 4S)
Batting: LHB Yonder Alonso 0-0: Swinging Strike
0-1: Foul Ball, location: 2F
0-2: Fielders Choice at 2nd, 5-4 (Groundball, 56)
Bottom of the 5th over - 1 run, 1 hit, 0 errors, 3 left on base; Chicago 1 - Washington 3
TOP OF THE 6TH
Chicago Cubs batting - Pitching for Washington Nationals : RHP Corey Kluber
Batting: RHB Andrew Cashner 0-0: Ground out U3 (Groundball, 3)
Batting: SHB Yoan Moncada 0-0: Bunt for hit to 13S - play at first, batter safe!
Batting: RHB Paul DeJong 0-0: Ball
1-0: Grounds into double play, 5-4-3 (Groundball, 56S)
Top of the 6th over - 0 runs, 1 hit, 0 errors, 0 left on base; Chicago 1 - Washington 3
BOTTOM OF THE 6TH
Washington Nationals batting - Pitching for Chicago Cubs : RHP Andrew Cashner
Batting: RHB Chris Taylor 0-0: Ball
1-0: Ball
2-0: Ball
3-0: Base on Balls
Batting: RHB Corey Kluber 0-0: Sac Bunt to 15S - play at first, batter OUT! 1-4
Chris Taylor to second
Batting: SHB Tomas Telis 0-0: Ball
1-0: Ball
2-0: Ball
3-0: Called Strike
3-1: Swinging Strike
3-2: Fly out, F7 (Line Drive, 7)
Batting: LHB Joe Panik 0-0: Intentional Walk
Batting: SHB Aaron Hicks 0-0: Called Strike
0-1: Swinging Strike
0-2: Ball
1-2: Ball
2-2: Foul Ball, location: 2F
2-2: SINGLE (Groundball, 34D)
Chris Taylor to third
Joe Panik to second
Runner from 3rd tries for Home, SAFE, throw by RF to home
Pitching: RHP David Phelps
Batting: LHB Andrew Benintendi 0-0: Ball
1-0: Ball
2-0: Ball
3-0: Base on Balls
Joe Panik to third
Aaron Hicks to second
Batting: RHB Marcell Ozuna 0-0: Foul Ball, location: 2F
0-1: Ball
1-1: Called Strike
1-2: Fly out, F9 (Flyball, 89S)
Bottom of the 6th over - 1 run, 1 hit, 0 errors, 3 left on base; Chicago 1 - Washington 4
TOP OF THE 7TH
Chicago Cubs batting - Pitching for Washington Nationals : RHP Corey Kluber
Batting: LHB Cody Bellinger 0-0: Called Strike
0-1: Ground out 4-3 (Groundball, 4)
Batting: RHB Justin Upton 0-0: Foul Ball, location: 2F
0-1: Ball
1-1: Ball
2-1: Foul Ball, location: 2F
2-2: Fly out, F9 (Flyball, 89M)
Batting: RHB Stephen Piscotty 0-0: Ball
1-0: Called Strike
1-1: Foul Ball, location: 2F
1-2: Ball
2-2: Ball
3-2: DOUBLE (Flyball, 89XD)
Batting: RHB Jedd Gyorko 0-0: Foul Ball, location: 2F
0-1: Fly out, F8 (Flyball, 8LD)
Top of the 7th over - 0 runs, 1 hit, 0 errors, 1 left on base; Chicago 1 - Washington 4
BOTTOM OF THE 7TH
Washington Nationals batting - Pitching for Chicago Cubs : RHP David Phelps
Batting: RHB Yulieski Gurriel 0-0: Ball
1-0: Ground out 5-3 (Groundball, 5)
Batting: LHB Yonder Alonso 0-0: Ball
1-0: Called Strike
1-1: Fly out, F6 (Popup, 6)
Batting: RHB Chris Taylor 0-0: Ball
1-0: Called Strike
1-1: Foul Ball, location: 2F
1-2: Foul Ball, location: 2F
1-2: Ball
2-2: Fly out, F8 (Line Drive, 8RD)
Bottom of the 7th over - 0 runs, 0 hits, 0 errors, 0 left on base; Chicago 1 - Washington 4
TOP OF THE 8TH
Chicago Cubs batting - Pitching for Washington Nationals : RHP Corey Kluber
Batting: LHB Jason Castro 0-0: Called Strike
0-1: Called Strike
0-2: Ball
1-2: Fly out, F7 (Flyball, 7S)
Batting: RHB Kyle Lewis 0-0: Called Strike
0-1: Ball
1-1: Ball
2-1: Foul Ball, location: 2F
2-2: Foul Ball, location: 2F
2-2: Foul Ball, location: 2F
2-2: Ball
3-2: Strikes out looking
Pinch Hitting: RHB Jose Bautista 0-0: Ball
1-0: Called Strike
1-1: SINGLE (Groundball, 6D)
Batting: SHB Yoan Moncada 0-0: Ball
1-0: Ball
2-0: Called Strike
2-1: Foul Ball, location: 2F
2-2: Foul Ball, location: 2F
2-2: SINGLE (Line Drive, 4D)
Jose Bautista to second
Runner from 2nd tries for 3rd, OUT! 8-5
Top of the 8th over - 0 runs, 2 hits, 0 errors, 1 left on base; Chicago 1 - Washington 4
BOTTOM OF THE 8TH
Washington Nationals batting - Pitching for Chicago Cubs : RHP David Phelps
Pitching: LHP Marc Rzepczynski
Pinch Hitting: RHB Steve Pearce 0-0: Ball
1-0: Called Strike
1-1: Ball
2-1: Ball
3-1: Foul Ball, location: 2F
3-2: Base on Balls
Batting: SHB Tomas Telis 0-0: Foul Ball, location: 2F
0-1: SINGLE (Groundball, 56D)
Steve Pearce to second
Batting: LHB Joe Panik 0-0: Ball
1-0: SINGLE (Groundball, 4MD)
Steve Pearce to third
Tomas Telis to second
Pitching: LHP Tony Cingrani
Batting: SHB Aaron Hicks 0-0: Called Strike
0-1: Ball
1-1: Swinging Strike
1-2: Foul Ball, location: 2F
1-2: Ball
2-2: Strikes out swinging
Batting: LHB Andrew Benintendi 0-0: Foul Ball, location: 2F
0-1: Ball
1-1: Fly out, F9 (Flyball, 89XD)
Runner from 3rd tags up, SCORES, no throw by RF
Batting: RHB Marcell Ozuna 0-0: Ball
1-0: Foul Ball, location: 2F
1-1: Called Strike
1-2: Foul Ball, location: 2F
1-2: Fly out, F9 (Line Drive, 9D)
Bottom of the 8th over - 1 run, 2 hits, 0 errors, 2 left on base; Chicago 1 - Washington 5
TOP OF THE 9TH
Chicago Cubs batting - Pitching for Washington Nationals : RHP Corey Kluber
Pitching: RHP Bud Norris
Batting: RHB Paul DeJong 0-0: Called Strike
0-1: Called Strike
0-2: Ball
1-2: Strikes out looking
Batting: LHB Cody Bellinger 0-0: Ball
1-0: Called Strike
1-1: Ball
2-1: Ground out 5-3 (Groundball, 56)
Batting: RHB Justin Upton 0-0: Ball
1-0: Foul Ball, location: 2F
1-1: Ball
2-1: Ball
3-1: Ground out 4-3 (Groundball, 4M)
Top of the 9th over - 0 runs, 0 hits, 0 errors, 0 left on base; Chicago 1 - Washington 5
Friday, November 16th, 2018 - OOTP Baseball 19.9 Build 115